 Dungeon Crawl Stone Soup version 0.29-a0-617-g7a6b98fccd (webtiles) character file.

Game seed: 859061733157262494

35 YayAnonymity the Vandal (level 3, 0/28 HPs)
             Began as a Formicid Hunter on June 18, 2022.
             Slain by Terence
             ... wielding a +0 mace
              (2 damage)
             ... on level 1 of the Dungeon.
             The game lasted 00:02:17 (1220 turns).

YayAnonymity the Vandal (Formicid Hunter)           Turns: 1220, Time: 00:02:18

Health: 0/28       AC: 10    Str: 15    XL:     3   Next: 55%
Magic:  3/3        EV:  4    Int:  8    God:
Gold:   70         SH:  0    Dex: 19    Spells: 2/2 levels left

rFire   . . .      SeeInvis +   a - +1 hunting sling
rCold   . . .      Faith    .   (no shield)
rNeg    . . .      Spirit   .   j - +0 plate armour
rPois   .          Reflect  .   (helmet unavailable)
rElec   .          Harm     .   (no cloak)
rCorr   .          Rampage  .   (no gloves)
Will    .....                   (no boots)
Stlth   ..........              (no amulet)
HPRegen 0.09/turn               (no ring)
MPRegen 0.08/turn               (no ring)

@: no status effects
A: permanent stasis, dig shafts and tunnels, antennae 3, four strong arms
a: Dig, Shaft Self


You were on level 1 of the Dungeon.
You visited 1 branch of the dungeon, and saw 2 of its levels.

You collected 70 gold pieces.

Inventory:

Hand Weapons
 a - a +1 hunting sling (weapon)
Armour
 j - a +0 plate armour (worn)
Scrolls
 b - a scroll of identify {unknown}
 c - a scroll of immolation
 d - a scroll of amnesia {unknown}
 e - 2 scrolls of torment {unknown}
 f - a scroll of vulnerability {unknown}
 i - a scroll of magic mapping {unknown}
Potions
 g - a potion of attraction {unknown}
 h - a potion of ambrosia {unknown}


   Skills:
 + Level 2.6 Fighting
 * Level 5.0 Slings
 + Level 1.2 Armour
 - Level 2.0 Dodging
 - Level 1.2 Stealth


You had 2 spell levels left.
You didn't know any spells.
Your spell library contained the following spells:

 Spells                   Type           Power      Damage    Failure   Level
 Magic Dart               Conj           0%         1d3       100%        1
 Searing Ray              Conj           0%         2d4       100%        2
 Fulminant Prism          Conj/Hex       0%         3d6       100%        4


Dungeon Overview and Level Annotations

Branches:
Dungeon (2/15)

Altars:

Annotations:
D:1 Terence


Innate Abilities, Weirdness & Mutations

You cannot be hasted, slowed, berserked, paralysed or teleported.
You can dig through walls and to a lower floor.
You have a pair of large antennae on your head. (SInv)
Your four strong arms can wield two-handed weapons with a shield.


Message History

You shoot a sling bullet. The sling bullet hits Terence.
Terence is lightly wounded.
Terence hits you with a +0 mace. Terence barely misses you.
Fire: a) +1 hunting sling
Press: ? - help, Q - select action, (/) - cycle Shift-Dir - straight line, f/p - Terence
Aim: Terence, wielding a +0 mace and wearing a +0 chain mail (lightly wounded, 70% to hit)
You shoot a sling bullet. The sling bullet hits Terence.
Terence is lightly wounded.
Terence says, "Rest in peace."
Terence hits you with a +0 mace. Terence hits you but does no damage.
Fire: a) +1 hunting sling
Press: ? - help, Q - select action, (/) - cycle Shift-Dir - straight line, f/p - Terence
Aim: Terence, wielding a +0 mace and wearing a +0 chain mail (lightly wounded, 70% to hit)
You shoot a sling bullet. The sling bullet hits Terence.
Terence is lightly wounded.
Terence hits you but does no damage. Terence hits you with a +0 mace.
* * * LOW HITPOINT WARNING * * *
Fire: a) +1 hunting sling
Press: ? - help, Q - select action, (/) - cycle Shift-Dir - straight line, f/p - Terence
Aim: Terence, wielding a +0 mace and wearing a +0 chain mail (lightly wounded, 70% to hit)
You shoot a sling bullet.
The sling bullet hits Terence but does no damage.
Terence is lightly wounded.
Terence barely misses you. Terence hits you with a +0 mace.
* * * LOW HITPOINT WARNING * * *
Fire: a) +1 hunting sling
Press: ? - help, Q - select action, (/) - cycle Shift-Dir - straight line, f/p - Terence
Aim: Terence, wielding a +0 mace and wearing a +0 chain mail (lightly wounded, 70% to hit)
You shoot a sling bullet.
The sling bullet hits Terence but does no damage.
Terence is lightly wounded.
Terence hits you with a +0 mace.
* * * LOW HITPOINT WARNING * * *
Fire: a) +1 hunting sling
Press: ? - help, Q - select action, (/) - cycle Shift-Dir - straight line, f/p - Terence
Aim: Terence, wielding a +0 mace and wearing a +0 chain mail (lightly wounded, 70% to hit)
You shoot a sling bullet. The sling bullet hits Terence.
Terence is moderately wounded.
Terence hits you with a +0 mace.
You die...

##.....####....................#
##.....# #.#......#.##.######.#
##.....# #.#.##...#.##.# #.#
##.....# #.#.##.†.#....## #.#
##.....####.#...>........# #.#
##.....#...........#.###.# #.#
##.....+.....###.#.#.# #.# #.#
#.....#.....# #@#.#.###.# #.#
####.##.....###@#.......# ### ##
#.#####...........####### .# #.#
#.................#
.####.##########.#####......###
..........######.# #........###
.................# #...........
.########.##.###.# #...........
.# #.##.# #.# #........... .#
#.##.###.# ###.........


You could see Terence.

Vanquished Creatures
  2 dart slugs (D:1)
  3 ball pythons (D:1)
  2 bats (D:1)
  5 endoplasms (D:1)
  2 giant cockroaches (D:1)
  3 goblins (D:1)
  A hobgoblin (D:1)
  5 jackals (D:1)
  2 frilled lizards (D:1)
  A kobold (D:1)
  2 rats (D:1)
28 creatures vanquished.

Notes
Turn   | Place    | Note
-------+----------+-------------------------------------------
     0 | D:1      | YayAnonymity the Formicid Hunter began the quest for the
                  | Orb.
     0 | D:1      | Reached XP level 1. HP: 16/16 MP: 1/1
   166 | D:1      | Reached XP level 2. HP: 21/23 MP: 2/2
   324 | D:1      | Reached skill level 1 in Armour
   330 | D:1      | Reached XP level 3. HP: 17/28 MP: 3/3
   453 | D:1      | Found Osau's Weapon Emporium.
   467 | D:1      | Found a faded altar of an unknown god.
   905 | D:1      | Reached skill level 5 in Slings
  1011 | D:2      | Noticed Terence
  1220 | D:1      | Slain by Terence

Illustrated notes

Levels and vault maps discovered:
D:1:      nicolae_arrival_washed_ashore, layout_basic, serial_shops,
          nicolae_shop_bloodbath_and_beyond, basic_ecumenical_altar
D:2:      layout_rooms, serial_aquarium, aquarium_bridge_square
          [aquarium_subvault_wall, aquarium_subvault_balcony,
          aquarium_subvault_bridge, aquarium_subvault_bridge],
          aquarium_bridge_square [aquarium_subvault_bridge,
          aquarium_subvault_bridge, aquarium_subvault_wall,
          aquarium_subvault_wall], aquarium_window_1, aquarium_window_1,
          aquarium_view_2d, aquarium_view_2e, aquarium_pool_five,
          roderic_roman_lattice, uniq_robin, uniq_terence

Skill      XL: |  1  2  3 |
---------------+----------+-----
Dodging        | 2 |  2.0
Armour         | 1 |  1.2
Slings         | 5 |  5.0
Fighting       | |  2.6
Stealth        | |  1.2

Action                   || total
-------------------------++-------
 Fire: Hunting sling     ||    84
 Abil: Dig               ||     6
Armor: Leather armour    ||     1
       Plate armour      ||    28
Dodge: Dodged            ||    22

Table legend: (Time is in decaauts)
 A = Elapsed time spent in this place.
 B = Non-inter-level travel time spent in this place.
 C = Inter-level travel time spent in this place.
 D = Time resting spent in this place.
 E = Time spent auto-exploring this place.
 F = Levels seen in this place.
 G = Mean time per level.
                   A        B        C        D        E       F      G
               +--------+--------+--------+--------+--------+-----+--------+
         Total |   1256 |   1201 |     55 |      0 |    995 |   2 |  628.0 |
       Dungeon |   1256 |   1201 |     55 |      0 |    995 |   2 |  628.0 |
               +--------+--------+--------+--------+--------+-----+--------+

Top non-repeatable levels by time:
     D:1: 1227 daAuts
     D:2: 29 daAuts
